 Dungeon Crawl Stone Soup version 0.28.0-43-g3370ac3207 (webtiles) character file.

Game seed: 1847190842388280774

3719 croobank the Nimble (level 10, -3/54 HPs)
             Began as a Djinni Fire Elementalist on Mar 11, 2022.
             Was a Follower of Hepliaklqana.
             Shot with a sling bullet by Joseph (9 damage)
             ... on level 7 of the Dungeon.
             The game lasted 00:28:04 (9943 turns).

croobank the Nimble (Djinni Fire Elementalist)      Turns: 9943, Time: 00:28:13

Health: -3/54      AC:  8    Str:  7    XL:     10   Next: 36%
Gold:   189        EV: 14    Int: 22    God:    Hepliaklqana [*.....] SH:  0 Dex: 13

rFire   + + +      SeeInvis +   a - +2 spear (freeze)
rCold   . . .      Faith    .   (no shield)
rNeg    . . .      Spirit   .   o - +0 acid dragon scales
rPois   ∞          Reflect  .   H - +0 helmet {SInv}
rElec   .          Harm     .   r - scarf {rC+ rF+}
rCorr   +          Rampage  .   h - +0 pair of gloves
Will    +....                   (boots unavailable)
Stlth   +++.......              (no amulet)
HPRegen 0.18/turn               C - ring of wizardry
MPRegen 0.00/turn               (no ring)

@: flying
A: reduced essence, sickness immunity, fire resistance 2, cold vulnerability 1,
float, innate caster, HP casting, extra vitality 1
a: Renounce Religion, Recall Ancestor, Ancestor Identity


You were on level 7 of the Dungeon.
You worshipped Hepliaklqana.
Hepliaklqana was aware of your devotion.
You visited 1 branch of the dungeon, and saw 7 of its levels.

You collected 225 gold pieces.
You spent 36 gold pieces at shops.

Inventory:

Hand Weapons
 a - a +2 spear of freezing (weapon)
 b - a +0 vorpal hunting sling
 e - a +0 whip
 g - a +0 short sword
 t - a +2 dagger of speed
 x - a +0 war axe
 y - a +0 long sword of electrocution
 F - a +1 vorpal scythe
Missiles
 d - 3 javelins
 k - 25 poisoned darts
 l - 223 stones
 q - 65 arrows
 s - 9 boomerangs
 v - 34 sling bullets
 K - 3 curare-tipped darts (quivered)
 L - 2 atropa-tipped darts
Armour
 h - a +0 pair of gloves (worn)
 i - a +0 robe
 n - a +3 leather armour
 o - +0 acid dragon scales (worn)
 p - a +2 helmet
 r - a scarf of resistance (worn)
 H - a +0 helmet of see invisible (worn)
Jewellery
 C - a ring of wizardry (left hand)
 G - an amulet of faith
 N - the ring "Guegequaff" {Fly rPois rF- Dex+3 Stlth+}
   (You found it on level 6 of the Dungeon)

   [ring of flight]

   Dex:       It affects your dexterity (+3).
   rF:        It makes you vulnerable to fire.
   rPois:     It protects you from poison.
   Fly:       It grants you flight.
   Stlth:     It makes you more stealthy.
Wands
 O - a wand of iceblast (9)
Scrolls
 A - a scroll of teleportation
 E - a scroll of fog {unknown}
 I - a scroll of fear {unknown}
 M - a scroll of immolation
Potions
 c - 2 potions of curing
 f - 2 potions of attraction
 j - a potion of ambrosia {unknown}
 m - 3 potions of lignification
 u - a potion of might {unknown}
 w - a potion of heal wounds {unknown}
 z - a potion of invisibility {unknown}
 B - a potion of brilliance {unknown}


   Skills:
 + Level 9.3 Dodging
 + Level 7.7 Stealth
 + Level 6.8 Spellcasting


You couldn't memorise any spells.
You knew the following spells:

 Your Spells              Type           Power      Damage    Failure   Level
a - Foxfire               Conj/Fire      100%       2x1d9     1%          1
b - Scorch                Fire           74%        2d9       1%          2
c - Conjure Flame         Conj/Fire      37%        6-21      1%          3
d - Inner Flame           Hex/Fire       37%        N/A       1%          3
e - Flame Wave            Conj/Fire      37%        2d9       4%          4
f - Magic Dart            Conj           100%       1d8       1%          1
g - Blink                 Tloc           74%        N/A       1%          2
h - Summon Guardian Gole  Hex/Summ       37%        N/A       1%          3
i - Iskenderun's Mystic   Conj/Tloc      37%        2d9       4%          4
Your spell library was empty.

Dungeon Overview and Level Annotations

Branches:
Dungeon (7/15)
 Temple: D:4-7

Altars:
Ashenzari
Dithmenos
Fedhas
Hepliaklqana
Kikubaaqudgha
Makhleb
Nemelex Xobeh
Okawaru
Qazlal
Sif Muna
Vehumet

Shops:
D:4 [   D:5 :   D:6 *

Annotations:
D:4 2 transporters, maeasthma's ghost, amateur DrFE
D:7 Joseph


Innate Abilities, Weirdness & Mutations

Your life essence is reduced to manifest your ancestor. (-10% HP)
You are immune to sickness and miasma.
You are immune to poison.
Your flesh is very heat resistant. (rF++)
You are vulnerable to cold. (rC-)
You float through the air rather than walking.
You learn spells naturally, not from books.
Your magical power is your life essence.
You have superior vitality. (+4 MHP)


Message History

The curare-tipped dart barely misses you.
The curare-tipped dart hits Shiptu.
The water moccasin barely misses Shiptu.
Shiptu closely misses the water moccasin.
Casting: Scorch (safe; 1% risk of failure)
Confirm with . or Enter, or press ? or * to list all spells.
Flames lash the kobold brigand.
The kobold brigand is moderately wounded.
The kobold brigand's fire resistance burns away.
The water moccasin bites Shiptu.
The water moccasin barely misses Shiptu.
Shiptu hits the water moccasin.
The water moccasin dies!
Casting: Scorch (safe; 1% risk of failure)
Confirm with . or Enter, or press ? or * to list all spells.
Aiming: Inner Flame (safe; 1% risk of failure)
Press: ? - help, Dir - move target, f/p - kobold brigand
Aim: a kobold brigand, wielding a +0 short sword and quivering curare-tipped darts (moderately wounded, more vulnerable to fire, ally target, chance to affect: 88%)
Okay, then.
Casting: Inner Flame (safe; 1% risk of failure)
Confirm with . or Enter, or press ? or * to list all spells.
Casting: Flame Wave (dangerous; 4% risk of failure)
Press: ? - help, Dir - look around, f - activate A wave of flame ripples out!
The flame wave engulfs the kobold brigand!
The kobold brigand is burned terribly!
The kobold brigand is severely wounded.
Shiptu avoids your attack. (Press . to intensify the flame waves.) Joseph shoots a sling bullet.
The sling bullet hits you!
* * * LOW HITPOINT WARNING * * *
The kobold brigand hits you with a +0 short sword.
* * * LOW HITPOINT WARNING * * *
A wave of flame ripples out!
Shiptu avoids your attack.
The flame wave engulfs the kobold brigand!
The kobold brigand is burned terribly!
You kill the kobold brigand!
* * * LOW HITPOINT WARNING * * *
Joseph shoots a sling bullet.
The sling bullet hits you!
You die...

(......(#
........#
........#
.?......#
..(.....#
..).@...#
....$.()#
....(.R@#
........#
#######..
....
.(...
#####.#
.# #


You could see the friendly Shiptu the ancestor and Joseph (poisoned, slow).

Vanquished Creatures
  A troll (D:6)
  Grinder (D:3)
  Sigmund (D:4)
  Menkaure (D:6)
  An acid dragon (D:6)
  An orc warrior (D:6)
  2 black bears (D:4)
  2 ice beasts
  4 necrophages
  A sky beast (D:6)
  An ogre (D:5)
  A centaur (D:6)
  A phantom (D:6)
  A kobold brigand (D:7)
  3 bullfrogs
  3 scorpions
  A water moccasin zombie (D:6)
  2 water moccasin skeletons
  4 killer bees
  5 hounds
  5 orc priests
  2 jellies (D:6)
  A centaur skeleton (D:7)
  3 iguanas
  2 orc wizards
  A killer bee zombie (D:6)
  2 hound skeletons (D:5)
  A howler monkey zombie (D:7)
  7 adders
  3 gnolls (D:3)
  A shadow imp (D:4)
  An ufetubus (D:5)
  An adder skeleton (D:3)
  5 worms
  2 dart slugs
  18 orcs
  12 ball pythons
  2 bats
  11 endoplasms
  6 giant cockroaches
  17 goblins
  14 hobgoblins
  9 jackals
  12 kobolds
  4 quokkas
  5 frilled lizards
  8 rats
192 creatures vanquished.

Vanquished Creatures (collateral kills)
  A water moccasin (D:7)
  A necrophage (D:6)
  A kobold brigand (D:6)
  Robin (D:4)
  2 kobolds (D:6)
6 creatures vanquished.

Vanquished Creatures (others)
  2 ancestors (D:6)
  238 foxfires
240 creatures vanquished.

Grand Total: 438 creatures vanquished

Notes
Turn   | Place    | Note
-------+----------+-------------------------------------------
     0 | D:1      | croobank the Djinni Fire Elementalist began the quest for
                  | the Orb.
     0 | D:1      | Reached XP level 1. HP: 15/15 MP: 0/0
   406 | D:1      | Reached XP level 2. HP: 19/21 MP: 0/0
   715 | D:1      | Reached XP level 3. HP: 22/25 MP: 0/0
   715 | D:1      | Learned a level 1 spell: Magic Dart
  1154 | D:1      | Reached skill level 3 in Dodging
  1792 | D:2      | Reached XP level 4. HP: 30/31 MP: 0/0
  2964 | D:3      | Reached XP level 5. HP: 26/35 MP: 0/0
  2964 | D:3      | Learned a level 2 spell: Blink
  3558 | D:3      | Found a faded altar of an unknown god.
  3801 | D:3      | Noticed an ice beast
  3806 | D:3      | Noticed Grinder
  3809 | D:3      | Killed an ice beast
  3809 | D:3      | Paralysed by Grinder for 2 turns
  3810 | D:3      | Reached skill level 4 in Dodging
  3810 | D:3      | Reached XP level 6. HP: 35/40 MP: 0/0
  3819 | D:3      | Killed Grinder
  3820 | D:3      | Reached XP level 7. HP: 21/45 MP: 0/0
  3820 | D:3      | Learned a level 3 spell: Summon Guardian Golem
  4137 | D:3      | Found a hazy altar of Hepliaklqana.
  4138 | D:3      | Found a shadowy altar of Dithmenos.
  4144 | D:3      | Noticed a shadow
  4149 | D:3      | Became a worshipper of Hepliaklqana the Forgotten
  4431 | D:4      | Found Cuon's Antique Armour Shop.
  4439 | D:4      | Reached skill level 5 in Dodging
  4818 | D:4      | Noticed Sigmund
  4825 | D:4      | Reached XP level 8. HP: 35/50 MP: 0/0
  4916 | D:5      | Entered Level 5 of the Dungeon
  5030 | D:5      | Reached skill level 6 in Dodging
  5134 | D:5      | Reached skill level 5 in Stealth
  5709 | D:5      | Found Yfumuhuph's Book Shoppe.
  5742 | D:5      | Reached skill level 5 in Spellcasting
  5912 | D:4      | Reached XP level 9. HP: 20/55 MP: 0/0
  5912 | D:4      | Learned a level 4 spell: Iskenderun's Mystic Blast
  5932 | D:5      | Reached skill level 7 in Dodging
  6694 | D:6      | Reached * piety under Hepliaklqana
  6705 | D:6      | Found a burning altar of Makhleb.
  6705 | D:6      | Found a stormy altar of Qazlal.
  6705 | D:6      | Found a broken altar of Ashenzari.
  6706 | D:6      | Noticed Menkaure
  6710 | D:6      | Killed Menkaure
  7118 | D:6      | Found a sparkling altar of Nemelex Xobeh.
  7159 | D:6      | Noticed a troll
  7170 | D:6      | Killed a troll
  7171 | D:6      | Reached skill level 8 in Dodging
  7378 | D:4      | Killed Sigmund
  7499 | D:4      | Found a transporter.
  7500 | D:4      | Noticed maeasthma's ghost (amateur DrFE)
  7519 | D:4      | Found a transporter.
  7522 | D:4      | Noticed Robin
  7530 | D:4      | Killed Robin
  7533 | D:4      | Reached XP level 10. HP: 38/54 MP: 0/0
  7732 | D:4      | Found an iron altar of Okawaru.
  8068 | D:6      | Identified the ring "Guegequaff" {Fly rPois rF- Dex+3
                  | Stlth+}
  8430 | D:6      | Found a blossoming altar of Fedhas.
  8538 | D:6      | Found Iragi's CLEARANCE SALE!.
  8550 | D:6      | Reached skill level 9 in Dodging
  8587 | D:6      | Bought 12 sling bullets for 36 gold pieces
  8627 | D:7      | Noticed Joseph
  9943 | D:7      | Shot with a sling bullet by Joseph

Illustrated notes

Levels and vault maps discovered:
D:1:      zelgadis_glass_arrival_small, layout_basic
D:2:      layout_basic
D:3:      layout_basic, riverfiend_overflow_shadow_ancestor,
          dreamdust_ecumenical_altar_hidden_monk_grotto, columned_hall_lemuel,
          uniq_grinder
D:4:      layout_rooms, mainiacjoe_overflow_surrounded_room, serial_shops, shop,
          gammafunk_ghost_stat_death, uniq_robin, uniq_sigmund
D:5:      layout_basic, minivault_4, nicolae_stop_n_shop_2, dk_rats_in_the_wall
D:6:      layout_loops_ring, nemelex_xobeh_ov_fountains_minmay,
          minmay_overflow_temple_hex, mainiacjoe_overflow_alcove_4,
          nicolae_shop_clearance, uniq_menkaure
D:7:      layout_basic, minmay_temple_entry_fiery, uniq_joseph

Skill      XL: |  1  2  3  4  5  6  7  8  9 10 |
---------------+-------------------------------+-----
Stealth        | 2 3 4 5 7 |  7.7
Dodging        | 3 4 5 6 8 9 |  9.3
Spellcasting   | 3 4 5 6 |  6.8

Action                   |  1- 3 |  4- 6 |  7- 9 | 10-12 || total
-------------------------+-------+-------+-------+-------++-------
Melee: Unarmed           |     2 |       |       |       ||     2
       Short sword       |    13 |       |       |       ||    13
       Whip              |     3 |       |       |       ||     3
       Punch             |     2 |       |       |       ||     2
       Dagger            |    19 |    12 |       |       ||    31
       Spear             |       |    24 |    39 |    10 ||    73
 Fire: Hunting sling     |       |     8 |       |       ||     8
Throw: Dart              |       |       |       |     4 ||     4
 Cast: Foxfire           |    35 |    43 |    50 |    16 ||   144
       Scorch            |    10 |    25 |    83 |    26 ||   144
       Flame Wave        |       |     1 |     4 |     4 ||     9
       Iskenderun's Myst |       |       |     1 |       ||     1
       Inner Flame       |       |       |       |     2 ||     2
Invok: Recall Ancestor   |       |       |       |     1 ||     1
  Use: Scroll            |       |       |     3 |     5 ||     8
 Stab: Sleeping          |       |     1 |     1 |       ||     2
       Distracted        |       |       |       |     1 ||     1
Armor: Robe              |     9 |       |       |       ||     9
       Leather armour    |       |    18 |    31 |       ||    49
       Acid dragon scale |       |       |    12 |    10 ||    22
Dodge: Dodged            |    44 |    26 |    68 |    42 ||   180
